TOP OF THE 1ST |
District 9 Prawns batting - Pitching for Las Vegas Stars : RHP Jim Hendon
|
Pitching: RHP Jim Hendon
|
|
Batting: LHB Enrique Nalasco
|
0-0: Ball 1-0: Ball 2-0: Called Strike 2-1: Foul Ball, location: 2F 2-2: Ball 3-2: Strikes out swinging
|
Batting: RHB Robert Bly
|
0-0: Called Strike 0-1: Ball 1-1: Fly out, F8 (Line Drive, 8LS)
|
Batting: LHB Leland Hardy
|
0-0: Called Strike 0-1: Swinging Strike 0-2: Ball 1-2: Foul Ball, location: 2F 1-2: Strikes out swinging
|
Top of the 1st over - 0 run(s), 0 hit(s), 0 error(s), 0 left on base; District 9 0 - Las Vegas 0 |
BOTTOM OF THE 1ST |
Las Vegas Stars batting - Pitching for District 9 Prawns : RHP António García
|
Pitching: RHP António García
|
|
Batting: RHB Tae-kwon Kwon
|
0-0: Ball 1-0: Ball 2-0: Called Strike 2-1: Ground out 6-3 (Groundball, 6M)
|
Batting: RHB Brian George
|
0-0: Ball 1-0: Called Strike 1-1: Ball 2-1: Ball 3-1: Base on Balls
|
Batting: LHB Paco Rivera
|
0-0: SINGLE (Groundball, 4M) Brian George to second
|
Batting: LHB Ricardo Vargas
|
0-0: Called Strike 0-1: Swinging Strike 0-2: Strikes out looking
|
Batting: LHB Evan Slootweg
|
0-0: Called Strike 0-1: Foul Ball, location: 2F 0-2: Fly out, F9 (Flyball, 9LM)
|
Bottom of the 1st over - 0 run(s), 1 hit(s), 0 error(s), 2 left on base; District 9 0 - Las Vegas 0 |
TOP OF THE 2ND |
District 9 Prawns batting - Pitching for Las Vegas Stars : RHP Jim Hendon
|
Batting: LHB Ryan Hensley
|
0-0: Called Strike 0-1: Called Strike 0-2: Ball 1-2: Strikes out swinging
|
Batting: RHB Alfredo Cortéz
|
0-0: Called Strike 0-1: Foul Ball, location: 2F 0-2: Ground out 5-3 (Groundball, 56)
|
Batting: RHB Bill Beck
|
0-0: Called Strike 0-1: Foul Ball, location: 2F 0-2: Ball 1-2: SINGLE (Groundball, 56)
|
Batting: SHB Tommy Bourassa
|
0-0: Called Strike 0-1: Called Strike 0-2: Foul Ball, location: 2F 0-2: Ball 1-2: Foul Ball, location: 2F 1-2: Ball 2-2: Fielders Choice at 2nd, U6 (Groundball, 6M)
|
Top of the 2nd over - 0 run(s), 1 hit(s), 0 error(s), 1 left on base; District 9 0 - Las Vegas 0 |
BOTTOM OF THE 2ND |
Las Vegas Stars batting - Pitching for District 9 Prawns : RHP António García
|
Batting: RHB Vicente Salgado
|
0-0: Foul Ball, location: 2F 0-1: Ball 1-1: Ball 2-1: Ground out 6-3 (Groundball, 6)
|
Batting: RHB Albert Rodríguez
|
0-0: Ball 1-0: Ground out 4-3 (Groundball, 4)
|
Batting: RHB Tom Jacobson
|
0-0: Ground out 4-3 (Groundball, 4M)
|
Bottom of the 2nd over - 0 run(s), 0 hit(s), 0 error(s), 0 left on base; District 9 0 - Las Vegas 0 |
TOP OF THE 3RD |
District 9 Prawns batting - Pitching for Las Vegas Stars : RHP Jim Hendon
|
Batting: RHB Manuel Cortéz
|
0-0: Foul Ball, location: 2F 0-1: Ball 1-1: SINGLE (Line Drive, 6)
|
Batting: SHB Mark Pope
|
0-0: Called Strike 0-1: Ball 1-1: Foul Ball, location: 2F 1-2: Foul Ball, location: 2F 1-2: Ball 2-2: Fly out, F4 (Line Drive, 4)
|
Batting: LHB Enrique Nalasco
|
0-0: Ball 1-0: Called Strike 1-1: DOUBLE (Groundball, 3L) Manuel Cortéz to third
|
Batting: RHB Robert Bly
|
0-0: Ball 1-0: Fly out, F7 (Line Drive, 78M) Runner from 3rd tags up, OUT at HOME
|
Top of the 3rd over - 0 run(s), 2 hit(s), 0 error(s), 1 left on base; District 9 0 - Las Vegas 0 |
BOTTOM OF THE 3RD |
Las Vegas Stars batting - Pitching for District 9 Prawns : RHP António García
|
Batting: RHB Cole Bradley
|
0-0: Called Strike 0-1: Fly out, F6 (Popup, 5DF)
|
Batting: RHB Tae-kwon Kwon
|
0-0: Called Strike 0-1: Foul Ball, location: 2F 0-2: Ball 1-2: Foul Ball, location: 2F 1-2: Ball 2-2: Ball 3-2: Ground out 5-3 (Groundball, 5S)
|
Batting: RHB Brian George
|
0-0: Ball 1-0: Ball 2-0: Ball 3-0: Called Strike 3-1: Base on Balls
|
Batting: LHB Paco Rivera
|
0-0: Foul Ball, location: 2F 0-1: Ball 1-1: Foul Ball, location: 2F 1-2: Foul Ball, location: 2F 1-2: Ball 2-2: Foul Ball, location: 2F 2-2: Reached on error, E5 (Groundball, 5) Brian George to second
|
Batting: LHB Ricardo Vargas
|
0-0: Ball 1-0: Called Strike 1-1: Ball 2-1: Ball 3-1: Base on Balls Brian George to third Paco Rivera to second
|
Batting: LHB Evan Slootweg
|
0-0: Called Strike 0-1: Ball 1-1: Fly out, F8 (Flyball, 8RD)
|
Bottom of the 3rd over - 0 run(s), 0 hit(s), 1 error(s), 3 left on base; District 9 0 - Las Vegas 0 |
TOP OF THE 4TH |
District 9 Prawns batting - Pitching for Las Vegas Stars : RHP Jim Hendon
|
Batting: LHB Leland Hardy
|
0-0: Called Strike 0-1: Called Strike 0-2: Foul Ball, location: 2F 0-2: Strikes out swinging
|
Batting: LHB Ryan Hensley
|
0-0: Ball 1-0: Ball 2-0: Called Strike 2-1: Foul Ball, location: 2F 2-2: Foul Ball, location: 2F 2-2: Ball 3-2: Base on Balls
|
Batting: RHB Alfredo Cortéz
|
0-0: SINGLE (Groundball, 4MD) Ryan Hensley to second
|
Batting: RHB Bill Beck
|
0-0: Ball 1-0: Called Strike 1-1: Fly out, F3 (Line Drive, 3)
|
Batting: SHB Tommy Bourassa
|
0-0: SINGLE (Line Drive, 89S) Ryan Hensley to third Alfredo Cortéz to second Runner from 3rd tries for Home, SAFE, no throw or cutoff
|
Batting: RHB Manuel Cortéz
|
0-0: Swinging Strike 0-1: Foul Ball, location: 2F 0-2: Ball 1-2: Ball 2-2: Ball 3-2: Ground out 1-3 (Groundball, 15)
|
Top of the 4th over - 1 run(s), 2 hit(s), 0 error(s), 2 left on base; District 9 1 - Las Vegas 0 |
BOTTOM OF THE 4TH |
Las Vegas Stars batting - Pitching for District 9 Prawns : RHP António García
|
Batting: RHB Vicente Salgado
|
0-0: Called Strike 0-1: Ball 1-1: Ball 2-1: Ball 3-1: Ground out 5-3 (Groundball, 56)
|
Batting: RHB Albert Rodríguez
|
0-0: Ball 1-0: Called Strike 1-1: Called Strike 1-2: Ball 2-2: Foul Ball, location: 2F 2-2: Ball 3-2: Base on Balls
|
Batting: RHB Tom Jacobson
|
0-0: Ball 1-0: Ball 2-0: Fly out, F3 (Popup, 3SF)
|
Batting: RHB Cole Bradley
|
0-0: Ball 1-0: Called Strike 1-1: Ball 2-1: Ball 3-1: Foul Ball, location: 2F 3-2: Base on Balls Albert Rodríguez to second
|
Batting: RHB Tae-kwon Kwon
|
0-0: Ball Wild Pitch! Albert Rodríguez to third Cole Bradley to second 1-0: Called Strike 1-1: Swinging Strike 1-2: SINGLE (Line Drive, 4D) Albert Rodríguez scores Cole Bradley to third
|
Batting: RHB Brian George
|
0-0: Called Strike 0-1: Ball 1-1: Foul Ball, location: 2F 1-2: Ball 2-2: Fly out, F7 (Flyball, 78D)
|
Bottom of the 4th over - 1 run(s), 1 hit(s), 0 error(s), 2 left on base; District 9 1 - Las Vegas 1 |
TOP OF THE 5TH |
District 9 Prawns batting - Pitching for Las Vegas Stars : RHP Jim Hendon
|
Batting: SHB Mark Pope
|
0-0: Ball 1-0: Ball 2-0: Ground out 4-3 (Groundball, 4)
|
Batting: LHB Enrique Nalasco
|
0-0: SINGLE (Flyball, 6MD)
|
Batting: RHB Robert Bly
|
0-0: Called Strike 0-1: Called Strike 0-2: Ball 1-2: Ball 2-2: Foul Ball, location: 2F 2-2: Foul Ball, location: 2F 2-2: SINGLE (Line Drive, 6M) Enrique Nalasco to second
|
Batting: LHB Leland Hardy
|
0-0: Ball Enrique Nalasco steals 3rd base Robert Bly to second 1-0: Ball 2-0: Foul Ball, location: 2F 2-1: Called Strike 2-2: Strikes out looking
|
Batting: LHB Ryan Hensley
|
0-0: Ball 1-0: Ball 2-0: Fly out, F7 (Flyball, 7LM)
|
Top of the 5th over - 0 run(s), 2 hit(s), 0 error(s), 2 left on base; District 9 1 - Las Vegas 1 |
BOTTOM OF THE 5TH |
Las Vegas Stars batting - Pitching for District 9 Prawns : RHP António García
|
Batting: LHB Paco Rivera
|
0-0: Called Strike 0-1: Called Strike 0-2: Ball 1-2: Foul Ball, location: 2F 1-2: Fly out, F6 (Line Drive, 56D)
|
Batting: LHB Ricardo Vargas
|
0-0: Ball 1-0: Swinging Strike 1-1: Called Strike 1-2: Strikes out swinging
|
Batting: LHB Evan Slootweg
|
0-0: Ball 1-0: Ball 2-0: Ball 3-0: Called Strike 3-1: Base on Balls
|
Batting: RHB Vicente Salgado
|
0-0: Ball 1-0: Called Strike 1-1: Foul Ball, location: 2F 1-2: Strikes out swinging
|
Bottom of the 5th over - 0 run(s), 0 hit(s), 0 error(s), 1 left on base; District 9 1 - Las Vegas 1 |
TOP OF THE 6TH |
District 9 Prawns batting - Pitching for Las Vegas Stars : RHP Jim Hendon
|
Batting: RHB Alfredo Cortéz
|
0-0: Ball 1-0: Ball 2-0: Fly out, F2 (Popup, 2RF)
|
Batting: RHB Bill Beck
|
0-0: Called Strike 0-1: Ball 1-1: Ball 2-1: SOLO HOME RUN (Flyball, 7D), Distance : 400 ft
|
Batting: SHB Tommy Bourassa
|
0-0: Called Strike 0-1: Ball 1-1: Ball 2-1: Foul Ball, location: 2F 2-2: SINGLE (Groundball, 4MD)
|
Batting: RHB Manuel Cortéz
|
0-0: Called Strike 0-1: Called Strike 0-2: Ball 1-2: Grounds into double play, 6-4-3 (Groundball, 6M)
|
Top of the 6th over - 1 run(s), 2 hit(s), 0 error(s), 0 left on base; District 9 2 - Las Vegas 1 |
BOTTOM OF THE 6TH |
Las Vegas Stars batting - Pitching for District 9 Prawns : RHP António García
|
Pitching: RHP Bill McKinney
|
|
Batting: RHB Albert Rodríguez
|
0-0: Ball 1-0: Ball 2-0: Fly out, F2 (Popup, 2RF)
|
Batting: RHB Tom Jacobson
|
0-0: Called Strike 0-1: Ball 1-1: Called Strike 1-2: Ball 2-2: Foul Ball, location: 2F 2-2: Ball 3-2: Base on Balls
|
Batting: RHB Cole Bradley
|
0-0: Called Strike Tom Jacobson steals 2nd base 0-1: Foul Ball, location: 2F 0-2: Ball 1-2: Fly out, F4 (Popup, 34D)
|
Batting: RHB Tae-kwon Kwon
|
0-0: Ball 1-0: Swinging Strike 1-1: Foul Ball, location: 2F 1-2: Ball 2-2: Ball 3-2: Ground out 5-3 (Groundball, 5)
|
Bottom of the 6th over - 0 run(s), 0 hit(s), 0 error(s), 1 left on base; District 9 2 - Las Vegas 1 |
TOP OF THE 7TH |
District 9 Prawns batting - Pitching for Las Vegas Stars : RHP Jim Hendon
|
Pitching: RHP Oliver Donahue
|
|
Batting: SHB Mark Pope
|
0-0: Ball 1-0: Ball 2-0: Ball 3-0: Called Strike 3-1: Base on Balls
|
Batting: LHB Enrique Nalasco
|
0-0: Called Strike 0-1: Ball 1-1: SINGLE (Line Drive, 6MD) Mark Pope to second
|
Pinch Runner at 2nd Erik Thomas:
|
|
Batting: RHB Robert Bly
|
0-0: Called Strike 0-1: Ball 1-1: Ball 2-1: Ball 3-1: Foul Ball, location: 2F 3-2: Base on Balls Erik Thomas to third Enrique Nalasco to second
|
Batting: LHB Leland Hardy
|
0-0: Called Strike 0-1: Ball 1-1: Ball 2-1: Called Strike 2-2: Foul Ball, location: 2F 2-2: Ball 3-2: Foul Ball, location: 2F 3-2: Foul Ball, location: 2F 3-2: Base on Balls Erik Thomas scores Enrique Nalasco to third Robert Bly to second
|
Batting: LHB Ryan Hensley
|
0-0: Called Strike 0-1: Ball 1-1: Ball 2-1: Ball 3-1: Base on Balls Enrique Nalasco scores Robert Bly to third Leland Hardy to second
|
Batting: RHB Alfredo Cortéz
|
0-0: Ball 1-0: Fly out, F8 (Flyball, 78XD) Runner from 3rd tags up, SCORES, no throw
|
Batting: RHB Bill Beck
|
0-0: Called Strike 0-1: Ball 1-1: Fly out, F6 (Popup, 6MD)
|
Batting: SHB Tommy Bourassa
|
0-0: Called Strike 0-1: Ground out U3 (Groundball, 3L)
|
Top of the 7th over - 3 run(s), 1 hit(s), 0 error(s), 2 left on base; District 9 5 - Las Vegas 1 |
BOTTOM OF THE 7TH |
Las Vegas Stars batting - Pitching for District 9 Prawns : RHP Bill McKinney
|
Now at 2B: Erik Thomas
|
|
Batting: RHB Brian George
|
0-0: Swinging Strike 0-1: Ball 1-1: Foul Ball, location: 2F 1-2: Ball 2-2: SINGLE (Groundball, 56D)
|
Batting: LHB Paco Rivera
|
0-0: Fly out, F8 (Flyball, 8LXD)
|
Batting: LHB Ricardo Vargas
|
0-0: Called Strike 0-1: Fielders Choice at 2nd, 1-6 (Groundball, 23)
|
Batting: LHB Evan Slootweg
|
0-0: Ball 1-0: Swinging Strike 1-1: Ball 2-1: Foul Ball, location: 2F 2-2: Ball Wild Pitch! Ricardo Vargas to second 3-2: Base on Balls
|
Batting: RHB Vicente Salgado
|
0-0: Ball 1-0: Ground out 6-3 (Groundball, 6)
|
Bottom of the 7th over - 0 run(s), 1 hit(s), 0 error(s), 2 left on base; District 9 5 - Las Vegas 1 |
TOP OF THE 8TH |
District 9 Prawns batting - Pitching for Las Vegas Stars : RHP Oliver Donahue
|
Batting: RHB Manuel Cortéz
|
0-0: Ball 1-0: Ground out 4-3 (Groundball, 4)
|
Batting: SHB Erik Thomas
|
0-0: Called Strike 0-1: SINGLE (Line Drive, 89S)
|
Batting: LHB Enrique Nalasco
|
0-0: Ball 1-0: Called Strike 1-1: Ball 2-1: SINGLE (Line Drive, 9S) Erik Thomas to second Runner from 2nd tries for 3rd, SAFE, throw made to third
|
Batting: RHB Robert Bly
|
0-0: Ball Passed Ball! Erik Thomas scores Enrique Nalasco to second 1-0: Foul Ball, location: 2F 1-1: SINGLE (Groundball, 15) (infield hit) Enrique Nalasco to third
|
Pitching: RHP Jorge Ibarra
|
|
Batting: LHB Leland Hardy
|
0-0: Ball 1-0: Foul Ball, location: 2F 1-1: Foul Ball, location: 2F 1-2: Ball 2-2: Ball 3-2: TRIPLE (Flyball, 8RXD) Enrique Nalasco scores Robert Bly scores
|
Batting: LHB Ryan Hensley
|
0-0: Called Strike 0-1: Foul Ball, location: 2F 0-2: Ball 1-2: Strikes out swinging
|
Batting: RHB Alfredo Cortéz
|
0-0: Ball 1-0: Ball 2-0: Ball 3-0: Swinging Strike 3-1: Base on Balls
|
Batting: RHB Bill Beck
|
0-0: Ball 1-0: Swinging Strike 1-1: Foul Ball, location: 2F 1-2: Ball 2-2: Ball 3-2: Strikes out swinging
|
Top of the 8th over - 3 run(s), 4 hit(s), 0 error(s), 2 left on base; District 9 8 - Las Vegas 1 |
BOTTOM OF THE 8TH |
Las Vegas Stars batting - Pitching for District 9 Prawns : RHP Bill McKinney
|
Pitching: RHP Bill Petzinger
|
|
Now at C: José Contreras
|
|
Batting: RHB Albert Rodríguez
|
0-0: Foul Ball, location: 2F 0-1: Foul Ball, location: 2F 0-2: Foul Ball, location: 2F 0-2: Ball 1-2: Strikes out looking
|
Pinch Hitting: RHB Bill McGrath
|
0-0: Swinging Strike 0-1: Ball 1-1: Called Strike 1-2: Strikes out swinging
|
Batting: RHB Cole Bradley
|
0-0: Ball 1-0: Ball 2-0: Ball 3-0: Base on Balls
|
Batting: RHB Tae-kwon Kwon
|
0-0: Fly out, F9 (Flyball, 9M)
|
Bottom of the 8th over - 0 run(s), 0 hit(s), 0 error(s), 1 left on base; District 9 8 - Las Vegas 1 |
TOP OF THE 9TH |
District 9 Prawns batting - Pitching for Las Vegas Stars : RHP Jorge Ibarra
|
Now at 2B: Jeremy Atkins
|
|
Batting: SHB Tommy Bourassa
|
0-0: Ground out 4-3 (Groundball, 4)
|
Batting: RHB Manuel Cortéz
|
0-0: Ball 1-0: Ball 2-0: Ground out 1-3 (Groundball, 15S)
|
Batting: SHB Erik Thomas
|
0-0: DOUBLE (Line Drive, 7LS)
|
Batting: LHB Enrique Nalasco
|
0-0: DOUBLE (Line Drive, 89M) Erik Thomas scores
|
Batting: RHB Robert Bly
|
0-0: Ground out 6-3 (Groundball, 6M)
|
Top of the 9th over - 1 run(s), 2 hit(s), 0 error(s), 1 left on base; District 9 9 - Las Vegas 1 |
BOTTOM OF THE 9TH |
Las Vegas Stars batting - Pitching for District 9 Prawns : RHP Bill Petzinger
|
Batting: RHB Brian George
|
0-0: Ball 1-0: Ball 2-0: Foul Ball, location: 2F 2-1: Swinging Strike 2-2: Ball 3-2: Foul Ball, location: 2F 3-2: Fly out, F9 (Flyball, 89M)
|
Batting: LHB Paco Rivera
|
0-0: Ground out 4-3 (Groundball, 34)
|
Batting: LHB Ricardo Vargas
|
0-0: Called Strike 0-1: Swinging Strike 0-2: SOLO HOME RUN (Flyball, 9LD), Distance : 389 ft
|
Batting: LHB Evan Slootweg
|
0-0: Ball 1-0: Foul Ball, location: 2F 1-1: SINGLE (Groundball, 4M)
|
Batting: RHB Vicente Salgado
|
0-0: Ball 1-0: Ground out 5-3 (Groundball, 5)
|
Bottom of the 9th over - 1 run(s), 2 hit(s), 0 error(s), 1 left on base; District 9 9 - Las Vegas 2 |
|